 Dungeon Crawl Stone Soup version 0.30-b1-2-g02819fbbbe (webtiles) character file.

Game seed: 15047789428283464550

85 MajorAdolf the Covert (level 4, -2/38 HPs)
             Began as a Naga Wanderer on Sept 16, 2023.
             Slain by a scorpion (6 damage)
             ... on level 3 of the Dungeon.
             The game lasted 00:04:32 (2286 turns).

MajorAdolf the Covert (Naga Wanderer)               Turns: 2286, Time: 00:04:33

Health: -2/38      AC:  2    Str: 11    XL:     4   Next: 48%
Magic:  3/6        EV: 10    Int: 14    God:
Gold:   217        SH:  0    Dex: 20    Spells: 5/6 levels left

rFire   . . .        v - staff of cold
rCold   + . .        (no shield)
rNeg    + . .        f - +0 robe
rPois   +            (no helmet)
rElec   .            (no cloak)
rCorr   .            (no gloves)
SInv    +            (no barding)
Will    .....        g - amulet of magic regeneration
Stlth   ++++         k - ring of positive energy
HPRegen 0.26/turn    n - +6 ring of dexterity
MPRegen 0.50/turn

%: no passive effects
@: short of breath, very slightly contaminated, very slow
A: AC +1, large, see invisible, deformed body, poison resistance, slowness 2,
spit poison 1, naga tail 1
a: Spit Poison


You were on level 3 of the Dungeon.
You visited 1 branch of the dungeon, and saw 4 of its levels.

You collected 217 gold pieces.

Inventory:

Hand Weapons
 a - a +2 dagger
 c - a +0 short sword
Armour
 f - a +0 robe (worn)
 u - an orb of guile
Magical Staves
 v - a staff of cold (weapon)
Jewellery
 g - an amulet of magic regeneration (around neck)
 k - a ring of positive energy (left hand)
 n - a +6 ring of dexterity (right hand)
Scrolls
 d - 3 scrolls of vulnerability
 i - a scroll of enchant weapon {unknown}
 j - 2 scrolls of blinking {unknown}
 l - 2 scrolls of fear {unknown}
 m - 3 scrolls of identify {unknown}
 p - a scroll of amnesia {unknown}
 q - a scroll of immolation {unknown}
 r - a scroll of teleportation {unknown}
 s - a scroll of brand weapon {unknown}
Potions
 b - a potion of invisibility
 h - a potion of cancellation {unknown}
 o - a potion of might {unknown}
 t - a potion of degeneration {unknown}


   Skills:
 - Level 1.0 Fighting
 - Level 2.0 Short Blades
 - Level 1.0 Dodging
 + Level 8.2 Stealth
 + Level 1.5 Spellcasting
 + Level 1.0 Ice Magic
 - Level 1.0 Evocations


You had 5 spell levels left.
You knew the following spells:

 Your Spells              Type           Power      Damage    Failure   Level
a - Freeze                Ice            24%        1d4       16%         1

Your spell library contained the following spells:

 Spells                   Type           Power      Damage    Failure   Level
 Summon Small Mammal      Summ           4%         N/A       26%         1
 Frozen Ramparts          Ice            12%        1d2       43%         3
 Hailstorm                Conj/Ice       3%         3d3       52%         3
 Call Canine Familiar     Summ           1%         N/A       58%         3
 Summon Guardian Golem    Hex/Summ       1%         N/A       58%         3


Dungeon Overview and Level Annotations

Branches:
Dungeon (4/15)
 Temple: D:4-7

Altars:

Shops:
D:2 !


Innate Abilities, Weirdness & Mutations

Your serpentine skin is tough. (AC +1)
You have supernaturally acute eyesight. (SInv)
Armour fits poorly on your strangely shaped body.
Your system is resistant to poisons. (rPois)
You cover ground very slowly.
You can spit poison.
You have a snake-like lower body.


Message History

You feel better. The adder barely misses you. The scorpion stings you.
Unknown command.
Casting: Freeze (safe; 16% risk of failure)
Confirm with . or Enter, or press ? or * to list all spells.
Aiming: Freeze (safe; 16% risk of failure)
Press: ? - help, Shift-Dir - straight line, f - adder, p - scorpion
Aim: an adder You feel a surge of power!
You freeze the adder.
The adder is lightly wounded.
The adder barely misses you. The scorpion barely misses you.
Unknown command.
Casting: Freeze (safe; 16% risk of failure)
Confirm with . or Enter, or press ? or * to list all spells.
Aiming: Freeze (safe; 16% risk of failure)
Press: ? - help, Shift-Dir - straight line, f/p - adder
Aim: an adder (lightly wounded)
You feel a surge of power!
You freeze the adder.
The adder is heavily wounded.
The adder seems to slow down.
The scorpion stings you.
* * * LOW HITPOINT WARNING * * *
The adder closely misses you.
Unknown command.
Casting: Freeze (safe; 16% risk of failure)
Confirm with . or Enter, or press ? or * to list all spells.
Aiming: Freeze (safe; 16% risk of failure)
Press: ? - help, Shift-Dir - straight line, f - scorpion, p - adder
Aim: a scorpion (heavily wounded)
You feel a surge of power!
You freeze the scorpion.
The scorpion is severely wounded.
The scorpion stings you.
* * * LOW HITPOINT WARNING * * *
The adder barely misses you. The scorpion barely misses you.
Aiming: Spit Poison (1% risk of failure)
Press: ? - help, Shift-Dir - straight line, f/p - scorpion
Aim: a scorpion (severely wounded, 59% to hit)
The splash of poison misses the scorpion.
The adder bites you.
* * * LOW HITPOINT WARNING * * *
The scorpion stings you.
You die...

########## #........#
#....>...#
#######........### #####
#@s............... #...#
#S.####........###
###.#.####..# #........#
#...........# #........#
#####.#####.####........#
#.# #......############
#.###.#.##.###..<......
#.#...#..........######
#.#.######.##....#


You could see a scorpion and an adder (slow).

Vanquished Creatures
  3 adders
  4 dart slugs
  7 bats
  2 endoplasms
  4 goblins
  7 hobgoblins
  7 jackals (D:3)
  3 kobolds
  2 quokkas (D:3)
  2 ball pythons
  A frilled lizard (D:3)
  4 rats
46 creatures vanquished.

Notes
Turn   | Place    | Note
-------+----------+-------------------------------------------
     0 | D:1      | MajorAdolf the Naga Wanderer began the quest for the Orb.
     0 | D:1      | MajorAdolf set off with the following items: a +2 dagger, a
                  | potion of invisibility, a +0 short sword, a scroll of
                  | vulnerability, a potion of curing, a +0 robe.
     0 | D:1      | Reached XP level 1. HP: 18/18 MP: 2/2
    41 | D:1      | Reached skill level 6 in Stealth
   247 | D:1      | Reached XP level 2. HP: 22/25 MP: 3/3
   496 | D:1      | Reached skill level 7 in Stealth
   725 | D:2      | Reached XP level 3. HP: 31/31 MP: 4/4
   940 | D:2      | Learned a level 1 spell: Freeze
  1024 | D:2      | Found Ciutz's Distillery.
  1282 | D:3      | Reached skill level 8 in Stealth
  1282 | D:3      | Reached XP level 4. HP: 26/38 MP: 5/5
  1710 | D:3      | Reached skill level 1 in Ice Magic
  2119 | D:4      | Noticed a scorpion
  2271 | D:4      | Noticed a scorpion
  2286 | D:3      | Slain by a scorpion

Illustrated notes

Levels and vault maps discovered:
D:1:      ebering_trefoil_3fold, layout_basic, minivault_19
D:2:      layout_rooms, serial_shops, nicolae_lakefront_shop
D:3:      layout_basic
D:4:      layout_basic, minmay_temple_entry_antechambers, serial_shops,
          nicolae_shop_advertising_works [nicolae_subvault_shop_adworks],
          minmay_misc_feat_nine_boxes, chequers_serial_rivers_room_a

Skill      XL: |  1  2  3  4 |
---------------+-------------+-----
Stealth        | 6 7 8 |  8.2
Ice Magic      | 1 |  1.0
Fighting       | |  1.0
Short Blades   | |  2.0
Dodging        | |  1.0
Spellcasting   | |  1.5
Evocations     | |  1.0

Action                     |  1- 3 |  4- 6 || total
---------------------------+-------+-------++-------
  Melee: Dagger            |    97 |    25 ||   122
         Punch             |     2 |     1 ||     3
   Cast: Freeze            |       |    14 ||    14
Ability: Spit Poison       |     2 |     3 ||     5
    Use: Potion            |       |     1 ||     1
   Stab: Sleeping          |     6 |     4 ||    10
         Distracted        |     1 |       ||     1
 Armour: Robe              |    23 |     8 ||    31
  Dodge: Dodged            |    45 |    30 ||    75
